 Dungeon Crawl Stone Soup version 0.30-a0-782-ge64f9170bb (webtiles) character file.

Game seed: 13639946360571337341

814 M4edhros the Ducker (level 7, -1/52 HPs)
             Began as an Octopode Artificer on Feb 20, 2023.
             Was a Believer of Ru.
             Slain by Edmund
             ... wielding a +8 flail of venom
              (9 damage)
             ... on level 5 of the Dungeon.
             The game lasted 00:09:40 (2711 turns).

M4edhros the Ducker (Octopode Artificer)            Turns: 2711, Time: 00:09:40

Health: -1/52      AC:  5    Str: 11    XL:     7   Next: 93%
Magic:  0/7        EV: 16    Int: 19    God:    Ru [**....]
Gold:   250        SH:  0    Dex: 15    Spells: 6/6 levels left

rFire   x . .      SeeInvis .    (no weapon)
rCold   x . .      Faith    .    (no shield)
rNeg    + . .      Spirit   +    (helmet restricted)
rPois   .          Reflect  .    u - amulet of guardian spirit
rElec   .          Harm     .    k - +4 ring of protection
rCorr   +          Rampage  .    l - ring of positive energy
Will    .....                    o - ring of resist corrosion
Stlth   +++                      r - +6 ring of intelligence
HPRegen 0.28/turn                (no ring)
MPRegen 0.10/turn                (no ring)
                                 (no ring)
                                 (no ring)

@: brilliant, lethally poisoned (-1 -> -14), invisible (expiring)
A: almost no armour, amphibious, 8 rings, camouflage 1, gelatinous body 1,
temperature sensitive, (nimble swimmer 1), tentacles
a: Renounce Religion


You were on level 5 of the Dungeon.
You worshipped Ru.
Ru was pleased with you.
You visited 1 branch of the dungeon, and saw 5 of its levels.

You collected 250 gold pieces.

Inventory:

Missiles
 h - 6 poisoned darts
Jewellery
 k - a +4 ring of protection (left tentacle)
 l - a ring of positive energy (right tentacle)
 o - a ring of resist corrosion (on tentacle)
 r - a +6 ring of intelligence (on tentacle)
 u - an amulet of guardian spirit (around mantle)
Wands
 b - a wand of flame (1) (quivered)
 c - a wand of charming (7)
 d - a wand of iceblast (5)
Scrolls
 a - a scroll of torment {unknown}
 f - 2 scrolls of enchant weapon
 j - a scroll of enchant armour
 p - 2 scrolls of identify {unknown}
 t - a scroll of teleportation {unknown}
 v - 3 scrolls of amnesia {unknown}
 x - a scroll of fog {unknown}
Potions
 i - a potion of invisibility
 s - a potion of berserk rage {unknown}
 w - a potion of mutation {unknown}


   Skills:
 + Level 6.0 Fighting
 + Level 6.5 Dodging
 - Level 1.3 Stealth
 - Level 3.2 Evocations


You had 6 spell levels left.
You didn't know any spells.
Your spell library was empty.

Dungeon Overview and Level Annotations

Branches:
Dungeon (5/15)             Temple (0/1) D:4

Altars:
Dithmenos
Elyvilon
Makhleb
Qazlal
Ru
Yredelemnul

Shops:
D:2 [   D:4 *(

Annotations:
D:5 Edmund


Innate Abilities, Weirdness & Mutations

You cannot wear most types of armour.
You are amphibious.
You can wear up to eight rings at the same time.
Your skin changes colour to match your surroundings (Stealth+).
Your rubbery body absorbs attacks. (AC +1, EV +1)
You are sensitive to extremes of temperature. (rF-, rC-)
((You are camouflaged when in or above water. (Stealth+)))
You have tentacles for arms and can constrict up to eight enemies at once.


Message History

Edmund is severely wounded.
You constrict Edmund, but do no damage.
You feel sick.
Edmund hits you with a +8 flail of venom!
* * * LOW HITPOINT WARNING * * *
You are lethally poisoned!
You feel better.
You constrict Edmund.
Edmund hits you with a +8 flail of venom.
* * * LOW HITPOINT WARNING * * *
You are poisoned.
You feel much better.
You constrict Edmund.
You feel very sick. Edmund closely misses you.
You tentacle-slap Edmund but do no damage.
You squeeze Edmund.
Edmund is almost dead.
You constrict Edmund, but do no damage.
You feel sick. Edmund misses you.
You tentacle-slap Edmund but do no damage.
You squeeze Edmund.
Edmund is almost dead.
You constrict Edmund.
You feel sick. Edmund closely misses you.
You tentacle-slap Edmund but do no damage.
Edmund is almost dead.
You flicker for a moment.
You constrict Edmund, but do no damage.
You feel sick.
Edmund struggles to escape constriction.
You catch the helpless Edmund completely off-guard!
You tentacle-slap Edmund but do no damage.
You squeeze Edmund, but do no damage.
Edmund is almost dead.
You constrict Edmund, but do no damage.
You feel sick.
Edmund hits you with a +8 flail of venom!
* * * LOW HITPOINT WARNING * * *
You are lethally poisoned!
You tentacle-slap Edmund. You squeeze Edmund, but do no damage.
Edmund is almost dead.
You constrict Edmund.
* * * LOW HITPOINT WARNING * * *
You feel very sick.
Edmund hits you with a +8 flail of venom!
You die...

#................#
##................#
#................#.#
#..................#
#.................##
#................##
#...............##
##......@.......##
#........@......#
................##
#.######....#####
######


You could see Edmund (unable to see you).

Vanquished Creatures
  Grinder (D:5)
  An ogre (D:4)
  A black bear (D:4)
  A phantom (D:5)
  A wight (D:4)
  A howler monkey (D:5)
  A centaur zombie (D:3)
  2 iguanas
  4 orc wizards (D:4)
  9 adders
  A shadow imp (D:5)
  3 dart slugs
  An orc (D:4)
  3 ball pythons
  3 endoplasms
  4 giant cockroaches
  4 goblins
  A hobgoblin (D:2)
  6 jackals
  3 kobolds
  2 quokkas
  7 bats
  A frilled lizard (D:2)
  A jackal zombie (D:3)
  3 rats
65 creatures vanquished.

Vanquished Creatures (collateral kills)
  A worm (D:5)
1 creature vanquished.

Vanquished Creatures (others)
  A necrophage (D:4)
  A jackal (D:2)
2 creatures vanquished.

Grand Total: 68 creatures vanquished

Notes
Turn   | Place    | Note
-------+----------+-------------------------------------------
     0 | D:1      | M4edhros the Octopode Artificer began the quest for the
                  | Orb.
     0 | D:1      | Reached XP level 1. HP: 13/13 MP: 1/1
   187 | D:3      | Reached XP level 2. HP: 3/20 MP: 2/2
   187 | D:3      | Reached XP level 3. HP: 3/25 MP: 3/3
   276 | D:3      | Found a basalt altar of Yredelemnul.
   379 | D:3      | Reached XP level 4. HP: 22/30 MP: 4/4
   450 | D:3      | Found a faded altar of an unknown god.
   455 | D:3      | Found a shadowy altar of Dithmenos.
   522 | D:3      | Prayed at the altar of an unknown god.
   522 | D:3      | Became a worshipper of Ru the Awakened
   527 | D:3      | Gained mutation: You are sensitive to extremes of
                  | temperature. (rF-, rC-) [Ru sacrifice]
   527 | D:3      | Reached * piety under Ru
   527 | D:3      | Reached ** piety under Ru
   677 | D:3      | Found a stormy altar of Qazlal.
  1108 | D:1      | Reached XP level 5. HP: 36/36 MP: 5/5
  1238 | D:2      | Found Xofisequ's Antique Armour Emporium.
  1531 | D:4      | Found Coev Deil's Elemental Accessories.
  1888 | D:4      | Reached XP level 6. HP: 43/43 MP: 6/6
  1975 | D:4      | Found Icwapn's Weapon Boutique.
  2048 | D:4      | Reached skill level 5 in Dodging
  2195 | D:4      | Found a staircase to the Ecumenical Temple.
  2215 | D:4      | Identified the +0 scale mail of the Game Afoot {+Inv Will-
                  | Int+8}
  2221 | D:4      | Noticed a black bear
  2239 | D:4      | Killed a black bear
  2240 | D:4      | Reached skill level 5 in Fighting
  2240 | D:4      | Reached XP level 7. HP: 36/50 MP: 7/7
  2306 | D:5      | Entered Level 5 of the Dungeon
  2359 | D:5      | Found a burning altar of Makhleb.
  2369 | D:5      | Noticed Grinder
  2379 | D:5      | Paralysed by Grinder for 4 turns
  2386 | D:5      | Killed Grinder
  2516 | D:5      | Found a white marble altar of Elyvilon.
  2582 | D:5      | Noticed Edmund
  2711 | D:5      | Slain by Edmund

Illustrated notes

Levels and vault maps discovered:
D:1:      amcnicky_arrival_underground_garden, layout_loops_corners
D:2:      layout_basic, serial_shops, nicolae_shop_hallway_stairs
D:3:      layout_basic, lemuel_zombie_altar_yredelemnul, amcnicky_altar_gilded,
          nicolae_overflow_ecumenical_swirl, ebering_ghost_sewer_d,
          hellmonk_ecumenical_altar_defaced_shrine, minmay_ruptured
D:4:      layout_basic, lemuel_mausoleum_altar_kikubaaqudgha, temple_fountains,
          serial_shops, nicolae_shop_crystal, grunt_ministairs_15,
          nicolae_elemental_shop
D:5:      layout_cave_pods, mainiacjoe_overflow_six_doors_small,
          mainiacjoe_overflow_brackets, lemuel_round_altar,
          uniq_crazy_yiuf_cottage, uniq_edmund, uniq_grinder

Skill      XL: |  1  2  3  4  5  6  7 |
---------------+----------------------+-----
Fighting       | 2 3 4 5 6 |  6.0
Dodging        | 3 4 5 6 |  6.5
Stealth        | |  1.3
Evocations     | |  3.2

Action                     |  1- 3 |  4- 6 |  7- 9 || total
---------------------------+-------+-------+-------++-------
  Melee: Unarmed           |    20 |   154 |    70 ||   244
         Tentacles         |     7 |    39 |    21 ||    67
         Constrict         |     5 |    41 |    10 ||    56
         Punch             |       |     3 |     1 ||     4
 Invoke: Sacrifice Resista |       |     1 |       ||     1
         Reject Sacrifices |       |     1 |       ||     1
  Evoke: Wand              |     3 |    10 |     9 ||    22
    Use: Potion            |       |     1 |     6 ||     7
         Scroll            |       |       |     3 ||     3
   Stab: Sleeping          |     4 |     7 |     2 ||    13
         Invisible         |       |     1 |     4 ||     5
 Armour: Skin              |     2 |    35 |    10 ||    47
  Dodge: Dodged            |    16 |   122 |    39 ||   177

Table legend: (Time is in decaauts)
 A = Elapsed time spent in this place.
 B = Non-inter-level travel time spent in this place.
 C = Inter-level travel time spent in this place.
 D = Time resting spent in this place.
 E = Time spent auto-exploring this place.
 F = Levels seen in this place.
 G = Mean time per level.
                   A        B        C        D        E       F      G
               +--------+--------+--------+--------+--------+-----+--------+
         Total |   2708 |   2473 |    235 |    323 |    419 |   5 |  541.6 |
       Dungeon |   2708 |   2473 |    235 |    323 |    419 |   5 |  541.6 |
               +--------+--------+--------+--------+--------+-----+--------+

Top non-repeatable levels by time:
     D:3: 753 daAuts
     D:4: 720 daAuts
     D:2: 480 daAuts
     D:5: 404 daAuts
     D:1: 349 daAuts
